Cogmind - Beta 11.1 @@@ ROGUE MODE // 2022.05.03 @ 01:59:08 Player: Azken Zutik Result: Destroyed by Y-45 Defender with Beam Rifle Performance ------------- Evolutions (2) 1000 Regions Visited (11) 2200 Robots Destroyed (220) 1100 Value Destroyed (5851) 5851 Prototype IDs (30) 600 Alien Tech Used (0) 0 Bonus (2078) 2078 TOTAL SCORE: 12829 Bonus ------- High Alert Combat Kills 1408 Entered Garrisons 400 Aligned with FarCom 300 Friendly Fire -30 Cogmind --------- Core Integrity 0/550 Matter 217/300 Energy 99/100 System Corruption 18% Temperature Cool (9) Movement Core (50) Location -8/Materials Parts ------- > --- POWER (1) -------- (None) > --- PROPULSION (3) --- (None) > --- UTILITY (4) ------ (None) > --- WEAPON (3) ------- (None) > --- INVENTORY (5) ---- Heavy Ion Engine Improved Signal Interpreter Improved Utility Shielding Minigun Improved Datajack Peak State ------------ > --- POWER ------------ Reinforced Fission Core > --- PROPULSION ------- Aluminum Leg Aluminum Leg Advanced Myomer Leg > --- UTILITY ---------- Experimental Heat Sink High-capacity Storage Unit Experimental Sensor Array > --- WEAPON ----------- Light Assault Rifle Light Assault Rifle > --- INVENTORY -------- Reinforced Ion Engine Light Treads Aluminum Leg High-capacity Matter Pod Structural Scanner Machine Analyzer Advanced Weapon Cycler Utility Shielding Light Armor Plating Medium Armor Plating Hardened Light Armor Plating Hardened Light Armor Plating Hardened Light Armor Plating Dynamic Insulation System Tractor Beam Proton Missile Launcher Mini Grenade Launcher Mini Grenade Launcher Makeshift Sword Deploy-a-Sentry [Rating: 40] Favorites ----------- Power Improved Ion Engine Engine Improved Ion Engine Power Core Reinforced Fission Core Propulsion Light Treads Treads Light Treads Leg Aluminum Leg Wheel Wheel Utility High-capacity Storage Unit Device Experimental Heat Sink Storage High-capacity Storage Unit Processor Terrain Scan Processor Hackware Hacking Suite Protection Hardened Light Armor Plating Weapon Minigun Ballistic Gun Minigun Launcher Mini Grenade Launcher Impact Weapon Heavy Mace Slashing Weapon Makeshift Sword Special Melee Weapon Datajack Build | -11 -10 -10 -9 -9 -9 -8 -8 -8 -8 -8 -8 ------- Run | Scr Mat Min Mat Min Exi Min Mat Gar Mat Gar Mat Slots Evolved 4 | . . . 2 . . . 2 . . . . Power . | . . . . . . . . . . . . Propulsion 1 | . . . 1 . . . . . . . . Utility 2 | . . . 1 . . . 1 . . . . Weapon 1 | . . . . . . . 1 . . . . Parts Attached 167 | 2 6 7 8 10 10 16 37 5 25 2 39 Power 12 | . 1 . 1 . 1 2 2 . 1 . 4 Engine 9 | . 1 . 1 . . 1 2 . 1 . 3 Core 3 | . . . . . 1 1 . . . . 1 Reactor . | . . . . . . . . . . . . Propulsion 45 | 2 . 2 4 3 2 3 16 . 5 . 8 Treads 35 | 2 . 1 3 3 1 1 11 . 5 . 8 Leg 4 | . . . . . 1 2 1 . . . . Wheel 6 | . . 1 1 . . . 4 . . . . Hover . | . . . . . . . . . . . . Flight . | . . . . . . . . . . . . Utility 48 | . 4 1 1 1 4 7 6 . 10 1 13 Device 18 | . . . 1 . 1 4 . . 6 1 5 Storage 1 | . 1 . . . . . . . . . . Processor 2 | . 1 . . . 1 . . . . . . Hackware 1 | . . . . . . . . . . . 1 Protection 26 | . 2 1 . 1 2 3 6 . 4 . 7 Artifact . | . . . . . . . . . . . . Weapon 62 | . 1 4 2 6 3 4 13 5 9 1 14 Energy Gun . | . . . . . . . . . . . . Energy Cannon . | . . . . . . . . . . . . Ballistic Gun 42 | . . 2 2 6 2 3 7 3 7 . 10 Ballistic Cannon . | . . . . . . . . . . . . Launcher 14 | . 1 2 . . . 1 5 2 . 1 2 Special Weapon . | . . . . . . . . . . . . Impact Weapon 2 | . . . . . . . . . . . 2 Slashing Weapon 2 | . . . . . 1 . 1 . . . . Piercing Weapon . | . . . . . . . . . . . . Special Melee Weapon 2 | . . . . . . . . . 2 . . Unidentified Prototypes 7 | . . . . . 2 1 1 . . . 3 Corrupted Parts 5 | . . . . . 1 2 . . . . 2 System Corruption 21 | . . . . . 3 7 . . . . 11 Parts Lost 27 | . . 2 . 1 4 2 11 1 . . 6 Power 1 | . . . . . . . 1 . . . . Propulsion 11 | . . 2 . . 2 1 4 . . . 2 Utility 7 | . . . . . 1 . 3 . . . 3 Weapon 8 | . . . . 1 1 1 3 1 . . 1 Highest Loss Streak 8 | . . 1 . 1 4 2 8 1 . . 2 To Critical Strikes 4 | . . . . . 3 . . . . . 1 Average Slot Usage (%) 98 | . 99 99 99 99 98 99 94 100 99 100 97 Engine 9 | . 14 14 11 11 10 . 5 9 9 9 8 Treads 26 | . 28 23 27 32 31 12 18 27 26 27 26 Leg 1 | . . . . . . 20 4 . . . . Device 7 | . . . 11 11 7 6 1 . 12 18 14 Storage 10 | . 16 14 11 11 11 11 9 9 9 9 8 Protection 14 | . 4 14 11 11 10 11 23 27 14 9 11 Ballistic Gun 21 | . 16 15 20 21 20 21 20 21 25 18 24 Launcher 3 | . 11 12 1 . . . 2 5 . 9 1 Naked Turns 12 | . . . . . . . . . . . 12 Heaviest Build 77 | 11 51 51 54 56 71 77 77 71 71 70 76 Greatest Support 64 | 40 40 40 60 60 60 50 60 60 64 64 64 Greatest Overweight (x) 4 | . 1 4 4 1 1 1 4 1 1 1 1 Average Overweight (x) . | . . 2 . . . 1 1 1 . 1 . Largest Inventory Capacity 20 | 8 20 20 20 20 20 20 20 20 20 20 20 Average Capacity 19 | 8 19 20 20 20 20 20 20 20 20 20 19 Most Carried 20 | 6 20 20 20 20 20 20 20 20 20 20 20 Average Carried 18 | 3 9 19 18 19 19 17 18 19 19 20 19 Final Capacity 20 | 8 20 20 20 20 20 20 20 20 20 20 20 Final Carried 20 | 2 20 19 19 20 17 20 20 20 20 20 20 Class Distribution -------------------- 38% | Mutant 23% | Scavenger-Mutant 20% | Tank 16% | Scavenger-Tank Dominant Class ---------------- Mutant | -10/Materials Mutant | -10/Mines Scavenger-Mutant | -9/Materials Scavenger-Mutant | -9/Mines Scavenger-Mutant | -9/Exiles Scavenger-Mutant | -8/Mines Scavenger-Tank | -8/Materials Mutant | -8/Garrison Tank | -8/Materials Mutant | -8/Garrison Tank | -8/Materials Resources | -11 -10 -10 -9 -9 -9 -8 -8 -8 -8 -8 -8 ----------- Run | Scr Mat Min Mat Min Exi Min Mat Gar Mat Gar Mat Matter Collected 5990 | 220 212 395 98 296 88 177 928 164 1106 168 2138 Remotely 678 | . . . . . . . . . . 168 510 Salvage Created 7952 | . 548 125 142 433 74 228 1150 736 1558 154 2804 Parts 467 | . 27 8 11 34 1 12 88 33 99 15 139 Haulers Intercepted 14 | . 2 . . . . . 5 . 5 . 2 Recyclers Shooed 2 | . . . 1 . . . 1 . . . . Parts Field Recycled . | . . . . . . . . . . . . Retrieved Matter . | . . . . . . . . . . . . Parts Self-Destructed . | . . . . . . . . . . . . Prevented . | . . . . . . . . . . . . Kills | -11 -10 -10 -9 -9 -9 -8 -8 -8 -8 -8 -8 ------- Run | Scr Mat Min Mat Min Exi Min Mat Gar Mat Gar Mat Combat Hostiles Destroyed 172 | . 10 19 3 13 1 3 24 16 21 11 51 Melee 1 | . . . . . 1 . . . . . . Guns 95 | . 3 1 3 13 . 3 9 3 21 1 38 AOE 75 | . 7 18 . . . . 15 13 . 10 12 Classes Destroyed 15 | . 8 1 1 . . 1 1 . 2 . 1 Worker 20 | . 3 1 . 2 . . 5 . 4 . 5 Builder 14 | . 2 2 . . . . 5 . 2 . 3 Tunneler 1 | . . . . . . . . . 1 . . Hauler 14 | . 2 . . . . . 5 . 5 . 2 Recycler 10 | . 3 . . 1 . 1 2 . 1 . 2 Operator 3 | . 1 . . . . . 1 . . . 1 Watcher 12 | . 2 . . . . . 2 . 3 . 5 Swarmer 40 | . 3 3 . 9 . . 8 4 2 7 4 Grunt 75 | . 7 . 2 2 . 2 8 12 6 3 33 Brawler 7 | . . . . . . 1 . . 2 . 4 Duelist 1 | . . . . . . . . . 1 . . Protector 2 | . . . . . . . . . . . 2 Sentry 25 | . . . 1 2 . . 7 . 8 1 6 Hunter 5 | . . . . . . . 1 . 2 . 2 Assembled 16 | . . 16 . . . . . . . . . Best Kill Streak 13 | . 6 6 2 4 1 3 11 13 13 6 11 Combat Bots Only 13 | . 4 6 2 3 1 2 6 13 4 6 8 Max Kills in Single Turn 4 | . 3 3 1 1 1 1 3 4 2 3 3 Gunslinging 1 | . . . . . . . . . 1 . . Exploded 4 | . 2 3 . . . . 3 4 . 3 2 Melee 1 | . . . . . 1 . . . . . . Uniques/NPCs Destroyed 1 | . . . . . 1 . . . . . . 8R-AWN (-9/Exiles) Combat | -11 -10 -10 -9 -9 -9 -8 -8 -8 -8 -8 -8 -------- Run | Scr Mat Min Mat Min Exi Min Mat Gar Mat Gar Mat Damage Taken 7877 | . 234 638 131 555 574 421 2025 238 678 153 2230 Core 877 | . 67 107 12 84 39 16 265 23 21 16 227 Absorbed by Shields 386 | . . . . . . . . . 56 44 286 Redirected to Shielding 18 | . . . . . . . 18 . . . . Core Remaining (%) 64 | 100 . 30 . . . 62 . . . . . Volleys Fired 482 | . 28 33 6 38 9 27 87 18 74 13 149 Largest 3 | . 2 2 2 2 2 2 3 3 3 2 3 Hottest 75 | . 40 40 43 43 43 40 70 63 75 50 75 Shots Fired 1050 | . 39 42 12 75 13 54 164 34 221 16 380 Gun 944 | . 22 18 12 75 13 54 139 25 221 6 359 Cannon . | . . . . . . . . . . . . Launcher 106 | . 17 24 . . . . 25 9 . 10 21 Special . | . . . . . . . . . . . . Kinetic 944 | . 22 18 12 75 13 54 139 25 221 6 359 Thermal . | . . . . . . . . . . . . Explosive 90 | . 17 24 . . . . 25 . . 10 14 Electromagnetic 16 | . . . . . . . . 9 . . 7 Robot Hit Streak 16 | . 7 3 5 9 5 8 15 10 16 4 16 Robot Miss Streak 5 | . 2 4 1 3 1 2 4 2 5 3 3 Penetration Max . | . . . . . . . . . . . . Secondary Targets 13 | . 2 . . 1 . . 1 1 3 . 5 Max Gunslinging Chain 1 | . 1 . . 1 . . 1 1 1 . 1 Shots Hit Robots 673 | . 19 15 10 42 24 37 109 24 137 6 250 Core Hits 416 | . 28 31 6 21 5 14 83 30 62 14 122 Critical Kills 3 | . . . . . . . 1 1 . . 1 Critical Parts Destroyed 2 | . . . . . . . . . . . 2 Critical Strikes 7 | . . . . . 2 . 1 1 . . 3 Destroy 5 | . . . . . . . 1 1 . . 3 Sever 2 | . . . . . 2 . . . . . . Melee Attacks 23 | . . . . . 19 . 1 . 1 . 2 Impact 2 | . . . . . . . . . . . 2 Slashing 20 | . . . . . 19 . 1 . . . . Piercing . | . . . . . . . . . . . . Sneak Attacks 1 | . . . . . . . . . 1 . . Combat Hostiles . | . . . . . . . . . . . . Follow-up Attacks . | . . . . . . . . . . . . Damage Inflicted 17380 | . 1486 1361 126 585 594 281 3175 784 2262 806 5920 Guns 8664 | . 174 73 126 535 91 281 926 161 2233 25 4039 Cannons . | . . . . . . . . . . . . Explosions 8097 | . 1312 1287 . . . . 2223 623 . 781 1871 Melee 503 | . . . . . 503 . . . . . . Ramming 116 | . . 1 . 50 . . 26 . 29 . 10 Kinetic 8664 | . 174 73 126 535 91 281 926 161 2233 25 4039 Thermal . | . . . . . . . . . . . . Explosive 6975 | . 1312 1287 . . . . 2223 . . 781 1372 Electromagnetic 1122 | . . . . . . . . 623 . . 499 Impact . | . . . . . . . . . . . . Slashing 503 | . . . . . 503 . . . . . . Piercing . | . . . . . . . . . . . . Highest Corruption 18 | . . . . . 3 10 2 2 2 2 18 Average Corruption 6 | . . . . . 3 3 2 2 2 2 12 Corruption Purged . | . . . . . . . . . . . . Corruption Blocked . | . . . . . . . . . . . . Effects 173 | . . . . . 2 10 5 13 30 12 101 Message Errors 39 | . . . . . . 3 . 4 6 5 21 Matter Fused 36 | . . . . . 1 3 3 2 7 3 17 Heat Flow Errors 21 | . . . . . 1 2 1 1 4 2 10 Energy Discharges 21 | . . . . . . 1 1 1 4 1 13 Parts Rejected 5 | . . . . . . . . . . . 5 Data Loss (minor) 16 | . . . . . . . . 3 4 . 9 Data Loss (major) 9 | . . . . . . . . 1 3 1 4 Misfires 6 | . . . . . . . . . . . 6 Alerts 8 | . . . . . . 1 . 1 1 . 5 Misdirections 2 | . . . . . . . . . . . 2 Weapon Failures 10 | . . . . . . . . . 1 . 9 Overload Shots . | . . . . . . . . . . . . Overflow Damage 398 | . 136 47 . . . . 105 4 . 27 79 Projectiles . | . . . . . . . . . . . . Explosions 398 | . 136 47 . . . . 105 4 . 27 79 Melee . | . . . . . . . . . . . . Knockbacks . | . . . . . . . . . . . . Impact . | . . . . . . . . . . . . Kinetic . | . . . . . . . . . . . . Secondary . | . . . . . . . . . . . . Self-Inflicted Damage 616 | . . 211 . . . . 278 . . 33 94 Shots 21 | . . 8 . . . . 8 . . 1 4 Rammed 14 | . . 1 . 6 . . 2 . 2 . 3 Targets Rammed 20 | . . 1 . 8 . . 5 . 3 . 3 Kicked 2 | . . . . . . . 2 . . . . Crushed 4 | . . . . 2 . . 1 . 1 . . Highest Temperature 332 | . 4 20 8 21 97 332 230 140 258 279 330 Average Temperature 74 | . 2 9 8 5 22 135 73 48 84 96 101 Received Heat Transfer 2413 | . 57 20 57 129 . 189 657 117 199 31 957 Effects 1 | . . . . . . 1 . . . . . Damage (minor) 1 | . . . . . . 1 . . . . . Siege Activations . | . . . . . . . . . . . . Robots Corrupted 1 | . . . . . . . . . . . 1 Combat Hostiles 1 | . . . . . . . . . . . 1 Parts Fried 5 | . . . . . . . . 4 . . 1 Impact Corruptions . | . . . . . . . . . . . . Robots Melted . | . . . . . . . . . . . . Combat Hostiles . | . . . . . . . . . . . . Parts Melted . | . . . . . . . . . . . . Heat Transferred . | . . . . . . . . . . . . Parts Sabotaged . | . . . . . . . . . . . . Parts Stolen . | . . . . . . . . . . . . Parts Stripped . | . . . . . . . . . . . . Power Chain Reactions 2 | . . . . . . . . 1 . . 1 Missiles Intercepted . | . . . . . . . . . . . . Alert | -11 -10 -10 -9 -9 -9 -8 -8 -8 -8 -8 -8 ------- Run | Scr Mat Min Mat Min Exi Min Mat Gar Mat Gar Mat Peak Influence 1437 | . 636 384 182 195 . 70 498 814 626 797 1437 Initial 406 | . . 189 44 70 . . . 280 396 406 388 Average 445 | . 358 225 108 69 . 27 289 668 478 691 838 Maximum Alert Level 4 | . 2 1 . . . . 2 3 2 3 4 Low Security (%) 31 | 100 23 63 100 100 . 100 28 . . . . Level 1 15 | . 25 36 . . . . 44 9 9 . 5 Level 2 31 | . 50 . . . . . 27 34 90 39 28 Level 3 18 | . . . . . . . . 55 . 60 48 Level 4 4 | . . . . . . . . . . . 18 Level 5 . | . . . . . . . . . . . . High Security . | . . . . . . . . . . . . Max Security . | . . . . . . . . . . . . Sterilizations 1 | . . . . . . . . . . . 1 Squads Dispatched 20 | . 2 . 1 . . . 3 . 1 . 13 Investigation 8 | . 1 . 1 . . . 1 . 1 . 4 Extermination . | . . . . . . . . . . . . Reinforcement 9 | . 1 . . . . . 1 . . . 7 Assault 2 | . . . . . . . . . . . 2 Garrison 1 | . . . . . . . 1 . . . . Intercept . | . . . . . . . . . . . . Searches Triggered . | . . . . . . . . . . . . Construction Impeded 2 | . . . . . . . 1 . . . 1 Haulers Reinforced . | . . . . . . . . . . . . Active Scanning Responses . | . . . . . . . . . . . . Cargo Convoy Interrupts . | . . . . . . . . . . . . Stealth | -11 -10 -10 -9 -9 -9 -8 -8 -8 -8 -8 -8 --------- Run | Scr Mat Min Mat Min Exi Min Mat Gar Mat Gar Mat Distress Signals 16 | . 2 . . 2 . . 6 . 2 . 4 Communications Jammed . | . . . . . . . . . . . . Distress Signals . | . . . . . . . . . . . . Times Spotted 224 | . 15 20 4 14 1 4 36 16 30 11 73 Peak Tracking Total 7 | . 4 4 3 3 2 3 6 7 4 6 5 Tactical Retreats 6 | . . 1 1 1 . 1 2 . . . . Traps | -11 -10 -10 -9 -9 -9 -8 -8 -8 -8 -8 -8 ------- Run | Scr Mat Min Mat Min Exi Min Mat Gar Mat Gar Mat Traps Triggered 17 | . . . . 1 . . 2 6 2 3 3 Indirectly 3 | . . . . . . . . 2 . . 1 Trap Hack Attempts 1 | . . . . . . . . . 1 . . Triggered . | . . . . . . . . . . . . Disarmed . | . . . . . . . . . . . . Reprogrammed 1 | . . . . . . . . . 1 . . Reused . | . . . . . . . . . . . . Traps Extracted . | . . . . . . . . . . . . Installed . | . . . . . . . . . . . . Triggered 1 | . . 1 . . . . . . . . . Machines | -11 -10 -10 -9 -9 -9 -8 -8 -8 -8 -8 -8 ---------- Run | Scr Mat Min Mat Min Exi Min Mat Gar Mat Gar Mat Machines Disabled 22 | . 8 2 . . . . 1 . . 1 10 Max in Single Turn 3 | . 3 2 . . . . 1 . . 1 2 Machines Sabotaged . | . . . . . . . . . . . . Garrisons Compromised . | . . . . . . . . . . . . Overloaded Fab Kills . | . . . . . . . . . . . . Hacking | -11 -10 -10 -9 -9 -9 -8 -8 -8 -8 -8 -8 --------- Run | Scr Mat Min Mat Min Exi Min Mat Gar Mat Gar Mat Machines Accessed 25 | . 2 . 2 1 2 . 4 . 8 . 6 Terminals 13 | . 1 . 1 . . . 2 . 6 . 3 Fabricators . | . . . . . . . . . . . . Repair Stations 1 | . . . . . . . . . . . 1 Recycling Units 3 | . 1 . 1 . . . . . . . 1 Scanalyzers 2 | . . . . . . . 1 . 1 . . Garrison Access 3 | . . . . . . . 1 . 1 . 1 Total Hacks 54 | . 3 . 2 1 2 . 9 . 23 . 14 Successful 25 | . 1 . 2 1 2 . 6 . 8 . 5 Failed 29 | . 2 . . . . . 3 . 15 . 9 Catastrophic 1 | . 1 . . . . . . . . . . Database Lockouts . | . . . . . . . . . . . . Manual 35 | . 2 . 2 . 1 . 4 . 16 . 10 Terminals 33 | . 1 . 1 . . . 4 . 18 . 9 Fabricators . | . . . . . . . . . . . . Repair Stations 2 | . . . . . . . . . . . 2 Recycling Units 4 | . 2 . 1 . . . . . . . 1 Scanalyzers 8 | . . . . . . . 4 . 4 . . Garrison Access 4 | . . . . . . . 1 . 1 . 2 Terminal Hacks 9 | . . . 1 1 2 . 1 . 3 . 1 Record 1 | . . . . . 1 . . . . . . Open Door 1 | . . . . 1 . . . . . . . Branch Access Points 1 | . . . 1 . . . . . . . . Emergency Access Points 1 | . . . . . . . . . 1 . . Terminal Index 2 | . . . . . . . 1 . 1 . . Garrison Index 2 | . . . . . . . . . 1 . 1 EX-Prototype ID Bank 1 | . . . . . 1 . . . . . . Fabricator Hacks . | . . . . . . . . . . . . Repair Station Hacks 1 | . . . . . . . . . . . 1 Scan Component 1 | . . . . . . . . . . . 1 Recycling Unit Hacks . | . . . . . . . . . . . . Scanalyzer 4 | . . . . . . . 3 . 1 . . Insert Component 2 | . . . . . . . 1 . 1 . . Analyze 2 | . . . . . . . 2 . . . . Garrison Access Hacks 3 | . . . . . . . 1 . 1 . 1 Unlock Access 3 | . . . . . . . 1 . 1 . 1 Unauthorized Hacks 8 | . 1 . 1 . . . 1 . 3 . 2 Terminals 5 | . . . . . . . 1 . 3 . 1 Botnet 5 | . . . . . . . 1 . 3 . 1 Fabricators . | . . . . . . . . . . . . Repair Stations . | . . . . . . . . . . . . Recycling Units 3 | . 1 . 1 . . . . . . . 1 Tunnel 3 | . 1 . 1 . . . . . . . 1 Scanalyzers . | . . . . . . . . . . . . Garrison Access . | . . . . . . . . . . . . Data Cores Recovered 1 | . . . . . . . 1 . . . . Used 1 | . . . . . . . 1 . . . . Hacking Detections 13 | . 1 . . . . . 2 . 6 . 4 Full Trace Events 2 | . . . . . . . 1 . 1 . . Feedback Events . | . . . . . . . . . . . . Feedback Blocked . | . . . . . . . . . . . . Robot Schematics Acquired . | . . . . . . . . . . . . Robots Built . | . . . . . . . . . . . . Authchips . | . . . . . . . . . . . . Time . | . . . . . . . . . . . . Total Robot Build Rating . | . . . . . . . . . . . . Part Schematics Acquired 1 | . . . . . . . 1 . . . . Parts Built . | . . . . . . . . . . . . Authchips . | . . . . . . . . . . . . Time . | . . . . . . . . . . . . Total Part Build Rating . | . . . . . . . . . . . . Parts Repaired . | . . . . . . . . . . . . Time . | . . . . . . . . . . . . Parts Recycled . | . . . . . . . . . . . . Recycled Matter . | . . . . . . . . . . . . Retrieved Matter . | . . . . . . . . . . . . Retrieved Components . | . . . . . . . . . . . . Parts Scanalyzed 2 | . . . . . . . 1 . 1 . . Part Schematics Acquired 1 | . . . . . . . 1 . . . . Parts Damaged 1 | . . . . . . . 1 . . . . Bothacking | -11 -10 -10 -9 -9 -9 -8 -8 -8 -8 -8 -8 ------------ Run | Scr Mat Min Mat Min Exi Min Mat Gar Mat Gar Mat Used RIF Installer . | . . . . . . . . . . . . Robots Hacked . | . . . . . . . . . . . . Non-combat . | . . . . . . . . . . . . Combat . | . . . . . . . . . . . . Robot Hacks Applied . | . . . . . . . . . . . . Relay Couplers Released . | . . . . . . . . . . . . Fabnet Peak Effective % . | . . . . . . . . . . . . Robots Rewired . | . . . . . . . . . . . . Allies Hacked . | . . . . . . . . . . . . Hacks Repelled . | . . . . . . . . . . . . Allies | -11 -10 -10 -9 -9 -9 -8 -8 -8 -8 -8 -8 -------- Run | Scr Mat Min Mat Min Exi Min Mat Gar Mat Gar Mat Total Allies . | . . . . . . . . . . . . Largest Group . | . . . . . . . . . . . . Highest-Rated Group . | . . . . . . . . . . . . Highest-Rated Ally . | . . . . . . . . . . . . Total Orders . | . . . . . . . . . . . . Ally Attacks 4 | . . . . . 4 . . . . . . Total Damage 219 | . . . . . 219 . . . . . . Kills . | . . . . . . . . . . . . Allies Corrupted . | . . . . . . . . . . . . Allies Melted . | . . . . . . . . . . . . Turrets Deployed 2 | . . . . . 2 . . . . . . Intel | -11 -10 -10 -9 -9 -9 -8 -8 -8 -8 -8 -8 ------- Run | Scr Mat Min Mat Min Exi Min Mat Gar Mat Gar Mat Robot Analysis Total . | . . . . . . . . . . . . Derelict Logs Recovered 3 | . . 2 . 1 . . . . . . . Drone Launches . | . . . . . . . . . . . . Drone Recoveries . | . . . . . . . . . . . . Exploration | -11 -10 -10 -9 -9 -9 -8 -8 -8 -8 -8 -8 ------------- Run | Scr Mat Min Mat Min Exi Min Mat Gar Mat Gar Mat Turns Passed 13133 | 13 869 1619 193 1639 527 464 1440 1069 1961 518 2821 Spaces Moved 5062 | 6 325 586 91 840 244 172 436 421 770 208 963 Core 24 | . . . . . . . . . . . 24 Treads 4550 | 6 325 375 65 840 243 76 282 421 770 208 939 Legs 172 | . . . . . 1 96 75 . . . . Wheels 316 | . . 211 26 . . . 79 . . . . Hover . | . . . . . . . . . . . . Flight . | . . . . . . . . . . . . Fastest Speed 50 | 160 160 140 105 160 160 190 108 240 150 230 50 Average Speed 206 | 160 235 203 149 160 164 212 218 240 212 230 225 Slowest Speed 400 | 160 240 240 240 240 240 240 400 240 240 230 246 Overloaded Moves . | . . . . . . . . . . . . Propulsion Burnouts . | . . . . . . . . . . . . Robots Hopped . | . . . . . . . . . . . . Cave-ins Triggered . | . . . . . . . . . . . . Exploration Rate (%) 55 | 2 57 96 12 98 60 38 48 63 57 56 81 Regions Visited 11 Branch Regions 4 Pre-discovered Areas 5 | . 1 . 1 1 1 . . . . . 1 Known Exits Taken 3 | . . . 1 . . . 1 . 1 . . Unknown Exits Taken 6 | 1 1 1 . 1 1 1 . . . . . Scrap Searched 6 | . . 3 . 1 . 2 . . . . . Spaces Dug 48 | . . 10 . . . . . . . 9 29 Terrain Destroyed 628 | . 129 185 . . . . 137 4 . 37 136 Melee 2 | . . . . . . . . . . . 2 Projectile . | . . . . . . . . . . . . AOE 626 | . 129 185 . . . . 137 4 . 37 134 Terrain Rammed . | . . . . . . . . . . . . Walls Destroyed . | . . . . . . . . . . . . Machines Disabled . | . . . . . . . . . . . . Actions | -11 -10 -10 -9 -9 -9 -8 -8 -8 -8 -8 -8 --------- Run | Scr Mat Min Mat Min Exi Min Mat Gar Mat Gar Mat Total 6943 | 11 395 968 136 1060 341 223 791 457 973 232 1356 Wait 984 | . 12 336 26 144 47 1 185 1 63 5 164 Move 5050 | 5 324 585 90 839 243 171 436 418 770 206 963 Hop . | . . . . . . . . . . . . Pick Up 87 | . 19 3 2 9 6 6 17 2 10 . 13 Fast Attach 41 | . 4 . 2 3 2 3 8 . 7 . 12 Attach 34 | . . 2 1 2 4 3 13 1 . . 8 Detach 6 | . 1 . . . . 1 3 . . . 1 Swap 92 | 2 2 5 5 5 4 10 16 4 18 2 19 Drop 106 | 4 5 3 4 12 7 1 20 2 26 . 22 Fire 482 | . 28 33 6 38 9 27 87 18 74 13 149 Melee 23 | . . . . . 19 . 1 . 1 . 2 Ram 1 | . . 1 . . . . . . . . . Kick 2 | . . . . . . . 2 . . . . Crush 17 | . . . . 8 . . 3 . 3 . 3 Escape Stasis 17 | . . . . . . . . 11 . 6 . Rewire . | . . . . . . . . . . . . Trap 1 | . . . . . . . . . 1 . . Miscellaneous . | . . . . . . . . . . . . Route ------- -11/Scrapyard -10/Materials (discovered 2 exits: [*Min x2]) -10/Mines (discovered 2 exits: *Mat x2) -9/Materials (discovered 3 exits: *Min x2 / Sto) -9/Mines (discovered 3 exits: *Mat x2 / *Exi) -9/Exiles -8/Mines -8/Materials -8/Garrison (discovered 3 exits: *Mat x3) -8/Materials (discovered 2 exits: [*Fac] / Gar) -8/Garrison (discovered 2 exits: *Mat x2) -8/Materials (discovered 3 exits: [*Fac x2] / Gar) History --------- Turn | Location | Event 6 | -11/Scrapyard | Discovered new exit (range 3) 14 | -11/Scrapyard | Entered Materials 288 | -10/Materials | Discovered new exit (range 15) 313 | -10/Materials | Build established: Mutant 779 | -10/Materials | Discovered new exit (range 16) 883 | -10/Materials | Entered Mines 951 | -10/Mines | Learned Materials terminal intel 1001 | -10/Mines | Found a hidden stash of uninstalled traps 1079 | -10/Mines | Assembled infested the area 1341 | -10/Mines | Core integrity fell below 50% 1624 | -10/Mines | Discovered new exit (range 8) 1672 | -10/Mines | Learned Materials stockpile data 1860 | -10/Mines | A weapon hastily lodged in a ceiling crevice suddenly fell to the ground 1889 | -10/Mines | Discovered new exit (range 14) 2502 | -10/Mines | Entered Materials 2502 | -9/Materials | Evolved 2 slots: Propulsion x1, Utility x1 2504 | -9/Materials | Loaded intel: 12 terminal locations 2614 | -9/Materials | Identified exit to Mines 2614 | -9/Materials | Identified exit to Storage 2695 | -9/Materials | Entered Mines 2792 | -9/Mines | Build established: Scavenger-Mutant 2795 | -9/Mines | Learned location of Storage (-9) 3004 | -9/Mines | Met a Derelict who couldn't figure out how to use a Trap Extractor 3237 | -9/Mines | Learned Materials trap positions 3302 | -9/Mines | Discovered new exit (range 10) 3579 | -9/Mines | Found a damaged Exp. Sensor Array with a note attached 3582 | -9/Mines | Found Prototype Device 3663 | -9/Mines | Deemed a non-threat by the Exiles lab entrance 3663 | -9/Mines | Discovered new exit (range 6) 3966 | -9/Mines | Discovered new exit (range 14) 4334 | -9/Mines | Entered Exiles 4378 | -9/Exiles | Met 8R-AWN 4400 | -9/Exiles | Met EX-HEX 4448 | -9/Exiles | Met EX-BIN 4469 | -9/Exiles | Aligned with FarCom system 4470 | -9/Exiles | Given EX-Vault access code 4518 | -9/Exiles | Opened EX-Vault 4539 | -9/Exiles | Found Deploy-a-Sentry 4542 | -9/Exiles | Found Deploy-a-Sentry 4544 | -9/Exiles | Found Deploy-a-Sentry 4576 | -9/Exiles | Warned to stay clear of 0b10 Research branches 4589 | -9/Exiles | Exiles lab attacked by MAIN.C 4635 | -9/Exiles | Learned location of Zion (-7) 4683 | -9/Exiles | Discovered new exit (range 10) 4696 | -9/Exiles | DAS Turret deployed 4701 | -9/Exiles | DAS Turret deployed 4752 | -9/Exiles | Attacked by the Exiles 4820 | -9/Exiles | Destroyed 8R-AWN 4848 | -9/Exiles | Lost 4 parts (2n1u1w) 4861 | -9/Exiles | Left Exiles lab with Deploy-a-Sentry 4861 | -9/Exiles | Entered Mines 5291 | -8/Mines | Discovered new exit (range 8) 5310 | -8/Mines | Identified Exp. Sensor Array 5314 | -8/Mines | System corruption reached 10% 5325 | -8/Mines | Entered Materials 5325 | -8/Materials | Evolved 2 slots: Utility x1, Weapon x1 5326 | -8/Materials | Loaded intel: 21 trap records 5625 | -8/Materials | Lost 8 parts (4n2u2w) 6505 | -8/Materials | Build established: Scavenger-Tank 6511 | -8/Materials | Garrison activated, responded to threat 6765 | -8/Materials | Identified exit to Garrison 6765 | -8/Materials | Entered Garrison 6839 | -8/Garrison | Triggered checkpoint 6864 | -8/Garrison | Triggered checkpoint 6864 | -8/Garrison | Triggered checkpoint 6867 | -8/Garrison | Core integrity fell below 50% 6922 | -8/Garrison | Destroyed 13 combat bots 7106 | -8/Garrison | Discovered new exit (range 15) 7332 | -8/Garrison | Attempted to access garrison exit controls, blocked by remote lockdown 7531 | -8/Garrison | Discovered new exit (range 14) 7536 | -8/Garrison | Build established: Mutant 7572 | -8/Garrison | Attempted to access garrison exit controls, blocked by remote lockdown 7795 | -8/Garrison | Discovered new exit (range 11) 7834 | -8/Garrison | Entered Materials 8300 | -8/Materials | Build established: Tank 8621 | -8/Materials | Discovered new exit (range 7) 9795 | -8/Materials | Identified exit to Garrison 9795 | -8/Materials | Entered Garrison 9912 | -8/Garrison | Triggered checkpoint 9930 | -8/Garrison | Triggered checkpoint 10044 | -8/Garrison | Discovered new exit (range 9) 10065 | -8/Garrison | Build established: Mutant 10067 | -8/Garrison | Attempted to access garrison exit controls, blocked by remote lockdown 10269 | -8/Garrison | Discovered new exit (range 15) 10313 | -8/Garrison | Entered Materials 10770 | -8/Materials | Build established: Tank 11113 | -8/Materials | First assault squad dispatched 11227 | -8/Materials | Destroyed 8 combat bots 11292 | -8/Materials | System corruption reached 10% 11494 | -8/Materials | Build established: Scavenger-Tank 11675 | -8/Materials | Discovered new exit (range 12) 11690 | -8/Materials | Core integrity fell below 20% 11991 | -8/Materials | Build established: Tank 12704 | -8/Materials | Build established: Mutant 13080 | -8/Materials | Sterilization system engaged 13080 | -8/Materials | Non-combat units ordered to evacuate 13122 | -8/Materials | Released all parts (10) 13124 | -8/Materials | Discovered new exit (range 15) 13134 | -8/Materials | Identified exit to Garrison 13134 | -8/Materials | Destroyed by Y-45 Defender with Beam Rifle Last Messages --------------- 13081_ Acquired 42 matter. 13090_ Critical hit (Burn: +37). 13098_ System corrupted: Matter fused (-9). 13103_ O-16 Technician: "IFF HANDSHAKE FAILED. SECURING TERMINAL." 13115_ Imp. Assault Rifle destroyed. 13118_ Critical hit (Burn: +37). 13122_ Released Lgt. Treads. 13122_ Released Hcp. Storage Unit. 13122_ Released Exp. Heat Sink. 13122_ Released Hrd. Light Armor Plating. 13122_ Released Imp. Assault Rifle. 13122_ Released Arm. Treads. 13122_ Released Hvy. Mace. 13122_ Released Hvy. Ion Engine. 13124_ NKOR4BD4U7RBW94ELR/|ID4 13124_ EXIT=FOUND 13134_ Connecting with Garrison Access... >>Unlock Access door unlocked. 13134_ EXIT=UNLOCKED: GARRISON Map ----- +----------------------------------------------------+ | ????# #!!=# #??????????# | | ????########=[!#???? #??????????# | | ????# ??#[=[#?????????????????# | | ????# """ #!=]#?????????????????# | | ????# """ +!!&#?????????????????# | | ????# """ #!!]#?????????????????# | | ????# ??#[![#?????????????????# | | ????# ????# / #?????????????????# | | ????#??????# #?????????????????## | | ???????????# #??????????????????? | | ???????????# #??????????????????? | | ????? "????# ##+########????????? | | ????# """??# #????????? | | ????# """ # +????????? | | ????# + #????????? | | ????# # ######????????? | | ????####+### #?????????????? | | ??????# #?????????????? | | ??????# #?????????????? | | ???# #?????????????? | | ???# ######+## < #?????????????? | | ???# ?# # #?????????????? | | ???# ??+ """ #?###?????????????? | | ???##???# "G" !##????????????????? | | ????????# ">" Y#????????????????? | | ????????# @ ##????????????????? | | ????????#########?????????????????? | | | | | | | | | | | | | | | | | | | | | | | | | | | | | | | | | | | | | | | | | | | | | | | +----------------------------------------------------+ Best States ------------- Heat Dissipation 57 Energy Generation 19 Energy Capacity 310 Matter Stores 300 Matter Capacity 300 Sight Range 16 Terrain Scan Range 16 Terrain Scan Density 85 Armor Coverage 600 Resistance: TH 10 Core Shielding 20 Utility Shielding 66 Weapon Shielding 66 Evasion (%) 50 Recoil Reduction 3 Salvage Targeting 1 Offensive Hacking 10 Item Schematics ----------------- Adv. Myomer Leg | -8/Materials | Scanalyzed Robot Schematics ------------------ None Fabricated ------------ Nothing Alien Tech Used ----------------- None Achievements -------------- None Challenges ------------ None Game ------ Seed ImprinterPotentialAutohacker Manual? 0 Play Time 01:10:39 Cumulative 337.6 hours Start 2022.05.03 @ 00:38:37 End 2022.05.03 @ 01:59:08 Sessions 1 Manual Loads 0 Difficulty Rogue Special Mode None Game No. 108 Rogue 108 Adventurer 0 Explorer 0 Win Type - Total 7 Types 3/1/0/1/2/0/0/0/0 Lore% 65 Gallery% 77 Achievement% 69 Wizard Run 0 Options --------- ASCII 0 Keyboard 0 Movement Arrows Keybinds 0 Fullscreen 0 Font 28/SmallcapsGlow Map View 72x54 Tactical HUD 1 Map Filters NONE Filters NONE Steam 1 RUN: 680c7b5a-4e0e-4a8b-ab64-09425a36ed38